 Dungeon Crawl Stone Soup version 0.23.2-33-g5129a83184 (webtiles) character file.

Game seed: 11001332439154201202

3847 t4s4d4r the Fighter (level 10, -12/107 HPs)
             Began as an Ogre Ice Elementalist on July 7, 2019.
             Was a Follower of Ashenzari.
             Mangled by a gargoyle
             ... wielding a +0 morningstar
              (25 damage)
             ... on level 10 of the Dungeon on July 8, 2019.
             The game lasted 00:31:15 (13572 turns).

t4s4d4r the Fighter (Ogre Ice Elementalist)        Turns: 13572, Time: 00:31:16

Health: -12/107    AC:  7    Str: 14    XL:     10   Next: 18%
Magic:  1/22       EV: 10    Int: 19    God:    Ashenzari [*.....]
Gold:   263        SH:  0    Dex:  9    Spells: 13/25 levels left

rFire    + . .     SeeInvis .   l - +0 scimitar (slice)
rCold    . . .     Gourm    .   (no shield)
rNeg     . . .     Faith    +   a - +2 robe (curse)
rPois    .         Spirit   .   (helmet restricted)
rElec    .         Reflect  .   C - +1 cloak {MR+} (curse)
rCorr    .         Harm     .   (gloves unavailable)
MR       +++..                  (boots unavailable)
Stlth    +.........             v - amulet of faith (curse)
HPRegen  0.27/turn              r - ring of protection from magic (curse)
MPRegen  0.18/turn              k - ring of protection from fire (curse)

@: no status effects
A: large, unfitting armour, tough skin 1
a: Curse Item, Scrying, Renounce Religion


You were on level 10 of the Dungeon.
You worshipped Ashenzari.
Ashenzari was aware of your devotion.
You were very hungry.

You visited 2 branches of the dungeon, and saw 11 of its levels.

You collected 453 gold pieces.
You spent 190 gold pieces at shops.

Inventory:

Hand Weapons
 l - a +0 scimitar of slicing (weapon)
Missiles
 e - 307 stones (quivered)
 w - a throwing net
Armour
 a - a cursed +2 robe (worn)
 C - a cursed +1 cloak of magic resistance (worn)
 D - a +2 robe of cold resistance
Jewellery
 k - a cursed ring of protection from fire (right hand)
 r - a cursed ring of protection from magic (left hand)
 v - a cursed amulet of faith (around neck)
 E - an uncursed ring of flight
 H - an uncursed ring of magical power
Wands
 u - a wand of flame (3)
Scrolls
 b - 3 scrolls of enchant armour
 d - 2 scrolls of immolation {unknown}
 h - 3 scrolls of blinking {unknown}
 i - a scroll of amnesia
 j - a scroll of noise {unknown}
 n - 3 scrolls of teleportation
 p - 2 scrolls of enchant weapon
 s - 3 scrolls of fear {unknown}
 x - a scroll of magic mapping {unknown}
 y - 2 scrolls of identify
 z - a scroll of silence {unknown}
 G - a scroll of random uselessness {unknown}
Potions
 f - 3 potions of heal wounds {unknown}
 g - 3 potions of lignification
 m - 2 potions of might
 o - 3 potions of magic
 q - 4 potions of curing
 t - a potion of flight
 A - a potion of mutation
 B - a potion of cancellation
 F - a potion of ambrosia {unknown}
Comestibles
 c - 8 rations


   Skills:
 - Level 9.2 Fighting
 - Level 1.7 Dodging
 - Level 1.4 Stealth
 - Level 1.3 Unarmed Combat
 - Level 8.1 Spellcasting
 + Level 2.3 Conjurations
 - Level 5.0 Summonings
 - Level 7.8 Ice Magic


You had 13 spell levels left.
You knew the following spells:

 Your Spells              Type           Power        Failure   Level  Hunger
a - Freeze                Ice            ####         1%          1    None
b - Ozocubu's Armour      Chrm/Ice       ###.....     5%          3    None
c - Throw Icicle          Conj/Ice       ####....     11%         4    ###....
d - Summon Ice Beast      Ice/Summ       ####....     6%          4    ###....

Your spell library contained the following spells:

 Spells                   Type           Power        Failure   Level  Hunger
 Throw Frost              Conj/Ice       ####..       1%          2    None
 Beastly Appendage        Tmut           #.....       9%          1    None
 Confusing Touch          Hex            #.....       9%          1    None
 Sticks to Snakes         Tmut           #.......     14%         2    None
 Ice Form                 Ice/Tmut       ###.....     19%         4    ###....
 Confuse                  Hex            #.......     26%         3    None
 Gell's Gravitas          Tloc           #.........   26%         3    None
 Spider Form              Tmut/Pois      #.........   26%         3    None
 Metabolic Englaciation   Hex/Ice        ###.......   45%         5    #####..
 Petrify                  Tmut/Erth      #.......     65%         4    ###....
 Blade Hands              Tmut           #.........   94%         5    #####..
 Yara's Violent Unravell  Hex/Tmut       #.........   94%         5    #####..


Dungeon Overview and Level Annotations

Branches:
Dungeon (9/15)             Temple (1/1) D:7            Lair (0/6) D:9
    Orc: D:9-12

Altars:
Ashenzari
Cheibriados
Elyvilon
Fedhas
Gozag
Kikubaaqudgha
Okawaru
Qazlal
Ru
Xom
Yredelemnul
The Shining One

Shops:
D:6 *

Annotations:
D:2 Robin
D:3 exclusion: 2 doors
D:5 3 runed translucent doors, Jaiteiro's ghost, novice HaFi


Innate Abilities, Weirdness & Mutations

You are too large for most types of armour.
You have tough skin. (AC +1)


Message History

The gargoyle hits you with a +0 morningstar.
You hit the gargoyle.
The gargoyle is almost destroyed.
The gargoyle hurls a stone arrow at you.
The stone arrow hits you!!
The gargoyle hits you with a +0 morningstar!!
* * * LOW HITPOINT WARNING * * *
Casting: Throw Icicle (safe; 11% risk of failure)
Confirm with . or Enter, or press ? or * to list all spells.
Aiming: Throw Icicle (safe; 11% risk of failure)
Press: ? - help, Shift-Dir - straight line, f/p - gargoyle
Aim: a gargoyle, wielding a +0 morningstar (almost destroyed)
The shard of ice hits the gargoyle but does no damage.
The gargoyle is almost destroyed.
The gargoyle hurls a stone arrow at you.
The stone arrow hits you!
* * * LOW HITPOINT WARNING * * *
You feel better.
The gargoyle hits you with a +0 morningstar!!
You die...

######### #.....9.#
#.#####@# #.#...#.#
..#####.#.9.#.########
.......9#...'.........
.######.#####.........
#....9..........
#.....########..
#.....# . #.....#


You could see a gargoyle.

Vanquished Creatures
  Grinder (D:5)
  A wyvern (D:8)
  An orc warrior (D:8)
  2 phantoms (D:8)
  3 sky beasts
  An ogre (D:3)
  A centaur (D:9)
  Blork the orc (D:5)
  2 bullfrogs
  5 scorpions
  8 killer bees
  A wight (D:7)
  A howler monkey (D:7)
  A crimson imp (D:6)
  3 hounds
  2 jellies
  5 orc priests
  4 orc wizards
  A gnoll shaman (D:6)
  A bullfrog skeleton (D:4)
  Jessica (D:2)
  An iguana (D:9)
  6 worker ants
  2 hound skeletons
  2 worker ant zombies
  14 gnolls
  14 adders
  A shadow imp (D:9)
  2 worms (D:2)
  2 dart slugs (D:2)
  6 leopard geckos
  13 orcs
  7 giant cockroaches
  8 goblins
  6 hobgoblins
  9 jackals
  5 quokkas
  3 ball pythons
  7 bats
  7 frilled lizards
  A jackal skeleton (D:5)
  8 kobolds
  2 leopard gecko skeletons
  A quokka skeleton (D:2)
  8 rats
181 creatures vanquished.

Vanquished Creatures (collateral kills)
  Psyche (D:8)
  A phantom (D:7)
  An orc warrior (D:8)
  A black bear (D:9)
  A hornet zombie (D:9)
  An ogre (D:4)
  An ice beast (D:5)
  A bullfrog (D:8)
  A gnoll sergeant (D:7)
  A scorpion (D:7)
  A killer bee (D:8)
  3 howler monkeys
  A bullfrog zombie (D:7)
  A quasit (D:6)
  3 orc priests
  A hound (D:7)
  3 orc wizards
  A centaur skeleton (D:7)
  A worker ant (D:7)
  A gnoll (D:7)
  8 orcs
34 creatures vanquished.

Vanquished Creatures (others)
  3 plants (D:9)
3 creatures vanquished.

Grand Total: 218 creatures vanquished

Notes
Turn   | Place    | Note
-------+----------+-------------------------------------------
     0 | D:1      | t4s4d4r the Ogre Ice Elementalist began the quest for the
                  | Orb.
     0 | D:1      | Reached XP level 1. HP: 16/16 MP: 3/3
    99 | D:1      | Reached XP level 2. HP: 19/24 MP: 0/6
   314 | D:1      | Reached skill level 1 in Fighting
  1068 | D:2      | Reached XP level 3. HP: 29/33 MP: 2/8
  1410 | D:2      | Reached skill level 2 in Fighting
  1522 | D:2      | Reached XP level 4. HP: 43/44 MP: 8/10
  1530 | D:2      | Learned a level 3 spell: Ozocubu's Armour
  1535 | D:2      | Learned a level 4 spell: Throw Icicle
  1632 | D:2      | Noticed Jessica
  1635 | D:2      | Killed Jessica
  1635 | D:2      | Reached skill level 3 in Fighting
  1899 | D:2      | Noticed Robin
  1904 | D:2      | Reached XP level 5. HP: 38/53 MP: 2/11
  2295 | D:2      | Found a faded altar of an unknown god.
  2334 | D:2      | Reached skill level 4 in Fighting
  3094 | D:3      | Reached skill level 1 in Unarmed Combat
  3469 | D:3      | Noticed a centaur
  3478 | D:3      | Noticed an ogre
  3487 | D:3      | Reached XP level 6. HP: 59/62 MP: 8/12
  3539 | D:3      | Learned a level 4 spell: Summon Ice Beast
  4090 | D:4      | Found a glowing golden altar of the Shining One.
  4325 | D:4      | Reached skill level 1 in Summonings
  4687 | D:4      | Reached XP level 7. HP: 22/70 MP: 8/13
  5591 | D:5      | Entered Level 5 of the Dungeon
  5715 | D:5      | Found a runed translucent gate.
  5716 | D:5      | Found a runed translucent gate.
  5717 | D:5      | Found a runed translucent gate.
  5728 | D:5      | Noticed Jaiteiro's ghost (novice HaFi)
  5832 | D:5      | Noticed Blork the orc
  5846 | D:5      | Killed Blork the orc
  6051 | D:5      | Found a white marble altar of Elyvilon.
  6087 | D:5      | Noticed Grinder
  6114 | D:5      | Paralysed by Grinder for 3 turns
  6165 | D:5      | Killed Grinder
  6165 | D:5      | Reached skill level 5 in Summonings
  6465 | D:5      | Found a basalt altar of Yredelemnul.
  7169 | D:5      | Reached skill level 5 in Ice Magic
  7169 | D:5      | Reached XP level 8. HP: 13/78 MP: 6/14
  7947 | D:6      | Found Vathamuxka's Assorted Antiques.
  7950 | D:6      | Bought a scroll of remove curse for 99 gold pieces
  7950 | D:6      | Bought a scroll labeled VATATOR VUTASI for 33 gold pieces
  7950 | D:6      | Bought a coppery potion for 29 gold pieces
  7950 | D:6      | Bought a bubbling blue potion for 29 gold pieces
  8915 | D:7      | Reached XP level 9. HP: 54/84 MP: 4/15
  9235 | D:7      | Found a staircase to the Ecumenical Temple.
  9262 | Temple   | Entered the Ecumenical Temple
  9271 | Temple   | Became a worshipper of Ashenzari the Shackled
  9337 | D:7      | Reached skill level 5 in Fighting
  9390 | D:7      | Found a blossoming altar of Fedhas.
  9446 | D:7      | Reached skill level 5 in Spellcasting
  9839 | D:7      | Found a shimmering altar of Xom.
 10373 | D:8      | Reached skill level 6 in Fighting
 10869 | D:8      | Noticed Psyche
 10888 | D:8      | Killed Psyche
 11068 | D:8      | Found a shimmering altar of Xom.
 11201 | D:8      | Reached skill level 7 in Fighting
 12039 | D:8      | Reached skill level 8 in Fighting
 12461 | D:9      | Reached XP level 10. HP: 82/106 MP: 16/21
 12575 | D:9      | Reached * piety under Ashenzari
 12805 | D:9      | Reached skill level 9 in Fighting
 13167 | D:9      | Found a staircase to the Lair.
 13247 | D:9      | Reached skill level 1 in Conjurations
 13300 | D:9      | Noticed a two-headed ogre
 13333 | D:9      | You fall through a shaft!
 13333 | D:10     | Entered Level 10 of the Dungeon
 13543 | D:10     | Noticed a gargoyle
 13570 | D:10     | HP: 3/107 [gargoyle/stone arrow (12)]
 13572 | D:10     | Mangled by a gargoyle

Skill      XL: |  1  2  3  4  5  6  7  8  9 10 |
---------------+-------------------------------+-----
Spellcasting   | 3 4 7 8 |  8.1
Fighting       | 1 2 3 4 8 9 |  9.2
Ice Magic      | 3 4 5 7 |  7.8
Unarmed Combat | 1 |  1.3
Summonings     | 2 5 |  5.0
Conjurations   | 2 |  2.3
Dodging        | |  1.7
Stealth        | |  1.4

Action                   |  1- 3 |  4- 6 |  7- 9 | 10-12 || total
-------------------------+-------+-------+-------+-------++-------
Melee: Unarmed           |    29 |    63 |    39 |       ||   131
       Scimitar          |       |       |   118 |    21 ||   139
       Punch             |       |       |     1 |       ||     1
 Cast: Freeze            |    49 |   124 |   171 |    30 ||   374
       Summon Ice Beast  |       |     3 |    32 |     7 ||    42
       Ozocubu's Armour  |       |       |     2 |       ||     2
       Throw Icicle      |       |       |     2 |     5 ||     7
Invok: Curse Item        |       |       |     5 |       ||     5
Evoke: Wand              |       |       |     3 |       ||     3
  Use: Scroll            |       |     9 |     5 |       ||    14
       Potion            |       |       |       |     1 ||     1
 Stab: Sleeping          |       |     1 |     3 |       ||     4
       Distracted        |       |       |       |     2 ||     2
  Eat: Chunk             |     2 |    10 |    17 |     4 ||    33
       Ration            |       |       |     4 |       ||     4
Armor: Robe              |    31 |    47 |   102 |    26 ||   206
Dodge: Dodged            |    29 |    85 |   162 |    34 ||   310
       Rpst.: Scimitar   |       |       |    42 |     8 ||    50
